 Dungeon Crawl Stone Soup version 0.15.2 (webtiles) character file.

1292 Amnesiac the Martial Artist (level 8, -1/58 HPs)
             Began as a Mummy Monk on Dec 27, 2017.
             Slain by Blork the orc
             ... wielding a +0 halberd
              (11 damage)
             ... on Level 3 of the Dungeon.
             The game lasted 00:18:54 (12531 turns).

Amnesiac the Martial Artist (Mummy Monk)           Turns: 12531, Time: 00:18:54

HP  -1/58        AC  2     Str 14      XL: 8   Next: 30%
MP   8/8         EV 11     Int  9      God:
Gold 296         SH  9     Dex 16      Spells:  0 memorised,  7 levels left

rFire  x x .     SeeInvis .       - Unarmed
rCold  + + .     Clarity  .     (no armour)
rNeg   + + +     rCorr    .     c - +0 shield
rPois  +         rRot     +     i - +1 hat
rElec  .         Spirit   .     (no cloak)
SustAb .         Warding  .     b - +0 pair of gloves
rMut   .         Stasis   .     (no boots)
Gourm  .                        (no amulet)
MR     ++...                    k - ring of protection from magic
                                a - ring of ice

@: very resistant to hostile enchantments, unstealthy
A: no food or potions, fire vulnerability, restore body, cold resistance 1,
negative energy resistance 3, poison resistance, torment resistance, unbreathing
a: no special abilities


You were on level 3 of the Dungeon.
You were not hungry.

You visited 1 branch of the dungeon, and saw 7 of its levels.
You also visited: Bailey.

You collected 296 gold pieces.

Inventory:

Armour
 b - a +0 pair of gloves (worn)
 c - a +0 shield (worn)
 i - a +1 hat (worn)
Scrolls
 e - 3 scrolls of identify
 f - 2 scrolls of magic mapping
 g - 2 scrolls of remove curse
 h - a scroll of noise
Jewellery
 a - a ring of ice (left hand)
 k - a ring of protection from magic (right hand)


   Skills:
 - Level 3.1 Fighting
 - Level 3.5 Dodging
 - Level 1.5 Stealth
 + Level 2.8 Shields
 - Level 8.1 Unarmed Combat


You had 7 spell levels left.
You didn't know any spells.

Dungeon Overview and Level Annotations

Branches:
Dungeon (7/15)             Temple (0/1) D:4

Altars:
Nemelex Xobeh
Trog
Zin

Annotations:
D:3 Blork the orc


Innate Abilities, Weirdness & Mutations

You do not eat or drink.
Your flesh is vulnerable to fire.
Your flesh is cold resistant.
You are immune to negative energy.
Your system is resistant to poisons.
You are immune to unholy pain and torment.
You can survive without breathing.


Message History

A rat comes into view.
You barely miss Blork the orc.
Blork the orc is severely wounded.
Blork the orc gestures wildly while chanting.
Blork the orc flickers and vanishes!
Deactivating autopickup; reactivate with Ctrl-A.
Something hits you! Something hits you! You block its attack.
Something hits you!
You hit something. Something barely misses you. You block the rat's attack.
You miss something. Something hits you.
* * * LOW HITPOINT WARNING * * *
You block the rat's attack.
You barely miss something. Something hits you.
* * * LOW HITPOINT WARNING * * *
The rat bites you.
* * * LOW HITPOINT WARNING * * *
Something hits you!
You die...

..####
#..#..............####..
.....#
#.................####.#
..##.#
#...................##.#
..##.#
#...................##.#
####.#
#...%...........(......# #.#
#.#................##### #.#
#.#................### #.#
###.#..................#
#.###......>.@r........[...#
#...........)#######.......#
#####........# #!......#
##### #........# #.......#
....## #........# #.......#
.....# #........# #.....%.#
###..###........# #.......#
####............# #.......#
.##...###########
#.......###


You could see a rat.

Vanquished Creatures
  2 hungry ghosts (D:7)
  3 ice beasts
  A sky beast (D:2)
  2 scorpions
  2 crimson imps
  A jelly (D:4)
  3 orc wizards
  A hound (D:7)
  2 orc priests (D:7)
  An iguana (D:7)
  2 worker ants
  A hound skeleton (D:4)
  6 adders
  2 gnolls (D:4)
  3 giant mites
  A worm (D:2)
  2 adder zombies (D:7)
  5 giant geckos
  22 orcs
  10 bats
  3 giant cockroaches
  9 goblins
  10 hobgoblins
  4 jackals
  3 quokkas
  9 giant newts
  A hobgoblin skeleton (D:5)
  A hobgoblin zombie (D:7)
  15 kobolds
  A kobold skeleton (D:5)
  A kobold zombie (D:5)
  10 rats
  2 ballistomycetes (D:7)
141 creatures vanquished.

Vanquished Creatures (others)
  A giant spore (D:7)
1 creature vanquished.

Grand Total: 142 creatures vanquished

Notes
Turn   | Place    | Note
--------------------------------------------------------------
     0 | D:1      | Amnesiac, the Mummy Monk, began the quest for the Orb.
     0 | D:1      | Reached XP level 1. HP: 18/18 MP: 1/1
   515 | D:1      | Reached XP level 2. HP: 18/24 MP: 2/2
  1203 | D:1      | Reached skill level 4 in Unarmed Combat
  1645 | D:2      | Reached XP level 3. HP: 19/29 MP: 3/3
  2168 | D:3      | Noticed a sky beast
  2493 | D:3      | Reached XP level 4. HP: 25/35 MP: 4/4
  2600 | D:3      | Noticed an ice beast
  2633 | D:3      | Killed an ice beast
  2633 | D:3      | Reached skill level 5 in Unarmed Combat
  2633 | D:3      | Reached XP level 5. HP: 9/41 MP: 5/5
  3764 | D:3      | Found a bloodstained altar of Trog.
  4110 | D:4      | Found a staircase to the Ecumenical Temple.
  4453 | D:4      | Found a glowing silver altar of Zin.
  4786 | D:4      | Noticed Blork the orc
  4815 | D:5      | Entered Level 5 of the Dungeon
  5150 | D:5      | Found a sparkling altar of Nemelex Xobeh.
  5212 | D:5      | Noticed an ogre
  5564 | D:5      | Reached skill level 6 in Unarmed Combat
  5885 | D:6      | Reached XP level 6. HP: 22/47 MP: 6/6
  6146 | D:6      | Noticed an orc warrior
  6155 | D:6      | Noticed a hippogriff
  6191 | D:7      | Found a flagged portal.
  6288 | Bailey   | Entered a bailey
  6295 | Bailey   | Noticed tv1990's ghost (experienced FoFi)
  7969 | D:7      | Got a fine hat
  7980 | D:7      | Identified the +0 hat of Mugeat {Dex-3 Int+2} (You found it on level 7 of the Dungeon)
  8164 | D:7      | Noticed a hungry ghost
  8179 | D:7      | Killed a hungry ghost
  8179 | D:7      | Reached skill level 7 in Unarmed Combat
  8179 | D:7      | Reached XP level 7. HP: 44/52 MP: 7/7
  8567 | D:7      | Noticed a hungry ghost
  8599 | D:7      | Killed a hungry ghost
  8599 | D:7      | Reached skill level 8 in Unarmed Combat
  9199 | D:7      | Reached XP level 8. HP: 45/58 MP: 8/8
 10036 | D:4      | Reached skill level 1 in Shields
 10741 | D:2      | Killed a sky beast
 11299 | D:3      | HP: 2/58 [orc wizard/magic dart (4)]
 12355 | D:3      | Found a bloodstained altar of Trog.
 12531 | D:3      | Slain by Blork the orc

Action                   |  1- 3 |  4- 6 |  7- 9 || total
-------------------------+-------+-------+-------++-------
Melee: Unarmed           |   152 |   281 |   245 ||   678
  Use: Scroll            |     2 |    10 |     2 ||    14
 Stab: Distracted        |     1 |       |       ||     1
       Sleeping          |     2 |     2 |     2 ||     6
